 Dungeon Crawl Stone Soup version 0.19.1 (webtiles) character file.

947 Kit the Shield-Bearer (level 7, 0/61 HPs)
             Began as a Minotaur Fighter on Dec 7, 2016.
             Was a Believer of Makhleb.
             Slain by an ogre
             ... wielding a +0 giant club
              (23 damage)
             ... on level 4 of the Dungeon.
             The game lasted 00:10:48 (4589 turns).

Kit the Shield-Bearer (Minotaur Fighter)            Turns: 4589, Time: 00:10:49

Health: 0/61       AC:  9    Str: 22    XL:     7   Next: 89%
Magic:  6/6        EV:  9    Int:  5    God:    Makhleb [**....]
Gold:   243        SH: 11    Dex: 10    Spells: 0 memorised, 6 levels left

rFire  . . .     SeeInvis .     d - +2 hand axe (flame)
rCold  . . .     Gourm    .     b - +0 scale mail
rNeg   . . .     Faith    .     c - +0 shield
rPois  .         Spirit   .     (helmet restricted)
rElec  .         Reflect  .     (no cloak)
rCorr  .         Harm     .     (no gloves)
MR     .....                    h - +1 pair of boots
Stlth  ..........               (no amulet)
                                (no ring)
                                (no ring)

@: no status effects
A: retaliatory headbutt, horns 2
a: Minor Destruction, Renounce Religion


You were on level 4 of the Dungeon.
You worshipped Makhleb.
Makhleb was pleased with you.
You were not hungry.

You visited 1 branch of the dungeon, and saw 4 of its levels.
You also visited: Sewer.

You collected 243 gold pieces.

Inventory:

Hand Weapons
 d - a +2 hand axe of flaming (weapon)
 w - a +1 hand axe of chopping
Armour
 a - a +2 leather armour of poison resistance
 b - a +0 scale mail (worn)
 c - a +0 shield (worn)
 h - a +1 pair of boots (worn)
Wands
 x - a wand of polymorph (10/24)
Scrolls
 e - 2 scrolls of remove curse
 r - 3 scrolls of identify {unknown}
 t - 2 scrolls of amnesia
 u - a scroll of recharging {unknown}
 v - 2 scrolls of blinking {unknown}
 y - a scroll of teleportation
 A - a scroll of magic mapping
Potions
 i - a potion of flight {unknown}
 j - a potion of berserk rage
 k - a potion of mutation {unknown}
 n - 2 potions of invisibility {unknown}
 o - 2 potions of brilliance {unknown}
 p - a potion of haste {unknown}
 q - a potion of cancellation
 s - 4 potions of heal wounds
 z - 2 potions of magic {unknown}
Comestibles
 f - 4 bread rations
 g - 2 slices of pizza
 l - 6 meat rations
 m - 11 fruits
 B - 4 chunks of flesh


   Skills:
 + Level 5.4 Fighting
 + Level 5.2 Axes
 + Level 5.6 Armour
 + Level 3.5 Dodging
 * Level 7.4 Shields


You had 6 spell levels left.
You didn't know any spells.

Dungeon Overview and Level Annotations

Branches:
Dungeon (4/15)
 Temple: D:4-7

Altars:
Ashenzari
Hepliaklqana
Makhleb
Uskayaw
Vehumet


Innate Abilities, Weirdness & Mutations

You reflexively headbutt those who attack you in melee.
You have a pair of horns on your head.


Message History

No target in view!
No target in view!
Things that are here:
a flail; a gnoll corpse You butcher the gnoll corpse.
B - 4 chunks of flesh You see here a flail.
You start resting.
An ogre comes into view. It is wielding a giant club.
The ogre shouts!
You hit the ogre. You burn the ogre. You headbutt the ogre!
The ogre is heavily wounded.
The ogre hits you with a giant club.
You hit the ogre. You burn the ogre.
The ogre is almost dead.
The ogre hits you with a giant club!!
You barely miss the ogre.
The ogre is almost dead.
The ogre hits you with a giant club!!
You die...

,**++*,,,,,,,,,≈≈,,,,,,,,,*++**,#
,,,,,*,,,,,,,,,≈≈,,,,,,,,,*,,,,,#
,,,,,*,,,,,,,*,,,,*,,,,,,,*,,,,,#
,*****+*****########*****+*****,#
,*,,,*,,,,,,,'....',,,,,,,*,,,*,#
,,,*,*,,,,,,,#....#,,,,,,,*,*,g.#
+#,,,*,,,,,,,#....#,,,,,,,*,,,#'#
.#############'gO'#############..
.#..........)...@.............#..
##≈≈≈≈≈≈≈≈≈≈≈≈....≈≈≈≈≈≈≈≈≈≈≈≈###
≈≈≈≈≈≈≈≈≈≈≈≈≈≈....≈≈≈≈≈≈≈≈≈≈≈≈≈≈≈
≈≈≈≈≈≈≈≈≈≈≈≈≈≈)...))≈≈≈≈≈≈≈≈≈≈≈≈≈
..................).........)....
#>................)..............
#.########...))..)#######..######
#.# #....)####)# ###..#### # #.#
#.....# #.#####.......# #


You could see an ogre and a gnoll.

Vanquished Creatures
  Grinder (D:3)
  A phantom (D:3)
  An ogre (D:4)
  A howler monkey (D:4)
  A gnoll shaman (D:4)
  A bullfrog skeleton (D:4)
  2 hounds
  A worker ant (D:4)
  Terence (D:3)
  16 gnolls (D:4)
  7 adders
  An ooze (D:3)
  An adder skeleton (D:4)
  A worm (D:2)
  A dart slug (D:3)
  2 leopard geckos
  6 orcs (D:3)
  6 ball pythons
  5 giant cockroaches
  9 goblins
  3 hobgoblins (D:3)
  31 jackals
  15 kobolds
  4 quokkas
  9 bats
  5 frilled lizards
  8 rats
  4 plants (Sewer)
144 creatures vanquished.

Vanquished Creatures (others)
  A quokka (D:3)
  A kobold (D:3)
  A plant (Sewer)
3 creatures vanquished.

Grand Total: 147 creatures vanquished

Notes
Turn   | Place    | Note
-------+----------+-------------------------------------------
     0 | D:1      | Kit the Minotaur Fighter began the quest for the Orb.
     0 | D:1      | Reached XP level 1. HP: 19/19 MP: 0/0
   188 | D:1      | Reached XP level 2. HP: 27/27 MP: 1/1
   321 | D:1      | Found a shattered altar of Ashenzari.
   512 | D:1      | Reached skill level 4 in Shields
  1040 | D:2      | Reached XP level 3. HP: 33/33 MP: 2/2
  1174 | D:2      | Noticed a dagger
  1174 | D:2      | Noticed a dagger
  1177 | D:2      | Found a hide-covered altar of Uskayaw.
  1186 | D:2      | Reached skill level 1 in Dodging
  1275 | D:2      | Found a faded altar of an unknown god.
  1898 | D:3      | Noticed Terence
  2024 | D:3      | Killed Terence
  2024 | D:3      | Reached XP level 4. HP: 35/40 MP: 3/3
  2085 | D:3      | Noticed Grinder
  2107 | D:3      | Killed Grinder
  2107 | D:3      | Reached skill level 5 in Shields
  2107 | D:3      | Reached XP level 5. HP: 15/47 MP: 4/4
  2107 | D:3      | Reached XP level 6. HP: 17/53 MP: 5/5
  2463 | D:3      | Found a radiant altar of Vehumet.
  2509 | D:3      | Found a burning altar of Makhleb.
  2524 | D:3      | Became a worshipper of Makhleb the Destroyer
  2720 | D:3      | Reached skill level 6 in Shields
  2737 | D:3      | Found a hazy altar of Hepliaklqana.
  2930 | D:4      | Reached skill level 5 in Fighting
  2962 | D:4      | Reached skill level 5 in Armour
  2962 | D:4      | Reached XP level 7. HP: 61/61 MP: 6/6
  3155 | D:4      | Found a glowing drain.
  3159 | Sewer    | Entered a sewer
  3239 | Sewer    | Reached * piety under Makhleb
  4354 | D:4      | Reached ** piety under Makhleb
  4451 | D:4      | Reached skill level 7 in Shields
  4462 | D:4      | Reached skill level 5 in Axes
  4589 | D:4      | Slain by an ogre

Skill      XL: |  1  2  3  4  5  6  7 |
---------------+----------------------+-----
Shields        | 4 5 6 7 |  7.4
Dodging        | 1 2 3 |  3.5
Fighting       | 4 5 |  5.4
Axes           | 3 4 5 |  5.2
Armour         | 4 5 |  5.6

Action                   |  1- 3 |  4- 6 |  7- 9 || total
-------------------------+-------+-------+-------++-------
Melee: War axe           |    75 |       |       ||    75
       Headbutt          |    14 |    12 |    42 ||    68
       Hand axe          |       |   101 |   273 ||   374
  Use: Potion            |     1 |     3 |       ||     4
       Scroll            |       |     3 |     1 ||     4
  Eat: Chunk             |     3 |     4 |     6 ||    13
Armor: Scale mail        |    36 |    27 |    60 ||   123
Dodge: Dodged            |    30 |    32 |    62 ||   124
Block: Shield            |    39 |    48 |   115 ||   202
